 Dungeon Crawl Stone Soup version 0.19-a0-4-ga5c5ac4 (webtiles) character file.

190 namelastname112 the Magician (level 5, 0/41 HPs)
             Began as a Draconian Ice Elementalist on Apr 28, 2016.
             Slain by an orc
             ... wielding a +0 dagger
              (5 damage)
             ... while paralysed by Grinder
             ... on level 3 of the Dungeon.
             The game lasted 00:02:58 (1557 turns).

namelastname112 the Magician (DrIE)                 Turns: 1557, Time: 00:02:59

Health: 0/41       AC:  6    Str: 10    XL:     5   Next: 41%
Magic:  15/25      EV:  2    Int: 17    God:
Gold:   114        SH:  0    Dex: 11    Spells: 2 memorised, 6 levels left

rFire  . . .     SeeInvis .     e - staff of power
rCold  . . .     Gourm    .     (armour unavailable)
rNeg   . . .     Faith    .     (no shield)
rPois  .         Spirit   .     (helmet restricted)
rElec  .         Dismiss  .     (no cloak)
rCorr  .         Reflect  .     h - +0 pair of gloves
SustAt .         Harm     .     (no boots)
MR     .....                    c - amulet of regeneration
Stlth  +.........               (no ring)
                                k - ring of loudness (curse)

@: paralysed, very slightly contaminated, not resistant to hostile enchantments,
very unstealthy
A: unfitting armour, cold-blooded, AC +5
a: no special abilities


You were on level 3 of the Dungeon.
You were not hungry.

You visited 1 branch of the dungeon, and saw 3 of its levels.

You collected 114 gold pieces.

Inventory:

Hand Weapons
 o - a +1 dagger of freezing
Armour
 h - a +0 pair of gloves (worn)
Magical Staves
 e - an uncursed staff of power (weapon)
Jewellery
 c - an amulet of regeneration (around neck)
 k - a cursed ring of loudness (left hand)
Wands
 t - a wand of iceblast (7/15)
Scrolls
 i - a scroll of fog {unknown}
 l - a scroll of random uselessness {unknown}
 p - a scroll of identify {unknown}
 q - a scroll of noise {unknown}
 r - a scroll of remove curse {unknown}
 v - a scroll of fear {unknown}
Potions
 d - 2 potions of ambrosia {unknown}
 m - a potion of heal wounds {unknown}
 n - 2 potions of degeneration {unknown}
 s - a potion of curing {unknown}
 u - a potion of might
 w - a potion of flight {unknown}
Books
 a - a book of Frost

   Spells                             Type                      Level
   a - Freeze                         Ice                          1
   b - Throw Frost                    Conjuration/Ice              2
   c - Ozocubu's Armour               Charms/Ice                   3
   d - Throw Icicle                   Conjuration/Ice              4
   e - Summon Ice Beast               Ice/Summoning                4
Comestibles
 b - 2 bread rations
 f - a royal jelly
 g - a slice of pizza
 j - 2 meat rations


   Skills:
 - Level 2.0 Fighting
 - Level 2.2 Dodging
 - Level 1.7 Stealth
 + Level 3.7 Spellcasting
 * Level 3.0 Conjurations
 - Level 3.0 Ice Magic


You had 6 spell levels left.
You knew the following spells:

 Your Spells              Type           Power        Failure   Level  Hunger
a - Throw Icicle          Conj/Ice       ##......     58%         4    ####...
z - Freeze                Ice            ##..         6%          1    None


Dungeon Overview and Level Annotations

Branches:
Dungeon (3/15)

Altars:

Annotations:
D:3 Grinder


Innate Abilities, Weirdness & Mutations

Your plain brown scales are hard (AC +5).
Your body does not fit into most forms of armour.
You are cold-blooded and may be slowed by cold attacks.


Message History

Casting: Freeze
Confirm with . or Enter, or press ? or * to list all spells.
Aiming: Freeze
Press: ? - help, Shift-Dir - straight line, f - bat
Aim: a bat You freeze the bat.
The bat is heavily wounded.
The orc shouts!
The bat hits you but does no damage. The orc closely misses you.
Grinder gestures at you.
You suddenly lose the ability to move!
An orc comes into view. It is wielding a hand axe.
The orc shouts!
The bat barely misses you. The bat hits you but does no damage.
The orc hits you but does no damage. Grinder gestures at you.
Pain shoots through your body!
* * * LOW HITPOINT WARNING * * *
The bat hits you but does no damage. The orc hits you with a dagger.
You die...

#.#.......#
.#.#......#.....#....
#.#.......#.....#...## #
.#.#......#.....#....#.#
#.#[......#..........o.(
.#.#<.....#.......?o....
#†#+......#.....).......
.#.#(.....#..)...b......
#.#.#..##.#.....@5......
.#.#.#.##.#.#..#.o......
#.#.#..##.#.#..#........
.#.#.#....#....#........
#+#.#.......#.##........
..†..##...#.#...........
....#..#..#.###.########
....#.......###.###
....#....>##......#


You could see Grinder, 3 orcs and a bat.

Vanquished Creatures
  An orc priest (D:3)
  Jessica (D:3)
  Ijyb (D:3)
  Natasha (D:3)
  2 adders (D:2)
  An ooze (D:1)
  A worm (D:2)
  2 dart slugs
  3 giant geckos
  An orc (D:3)
  9 bats
  3 giant cockroaches
  6 goblins
  5 hobgoblins
  A quokka (D:2)
  2 ball pythons (D:2)
  3 giant newts
  6 kobolds
  A quokka skeleton (D:3)
  5 rats
55 creatures vanquished.

Notes
Turn   | Place    | Note
--------------------------------------------------------------
     0 | D:1      | namelastname112 the Draconian Ice Elementalist began the quest for the Orb.
     0 | D:1      | Reached XP level 1. HP: 14/14 MP: 3/3
   218 | D:1      | Reached XP level 2. HP: 22/22 MP: 3/5
   345 | D:1      | Reached skill level 1 in Fighting
   649 | D:2      | Reached XP level 3. HP: 28/28 MP: 7/7
  1164 | D:2      | Reached XP level 4. HP: 36/36 MP: 8/8
  1201 | D:2      | Learned a level 4 spell: Throw Icicle
  1379 | D:3      | Noticed Ijyb
  1391 | D:3      | Killed Ijyb
  1452 | D:3      | Noticed Jessica
  1458 | D:3      | Killed Jessica
  1515 | D:3      | Noticed Natasha
  1521 | D:3      | Killed Natasha
  1521 | D:3      | Reached XP level 5. HP: 32/41 MP: 10/10
  1542 | D:3      | Noticed Grinder
  1555 | D:3      | Paralysed by Grinder for 4 turns
  1557 | D:3      | Slain by an orc

Vault maps used:
D:1:      noname_arrival_rooms_in_the_neighbourhood
D:2:      nicolae_overflow_hidden_temple, first_bread
D:3:      grunt_qazlal_clouds, uniq_iyjb, uniq_grinder, uniq_natasha,
          uniq_jessica

Skill      XL: |  1  2  3  4  5 |
---------------+----------------+-----
Fighting       | 1 2 |  2.0
Dodging        | 2 |  2.2
Spellcasting   | 3 |  3.7
Conjurations   | 2 3 |  3.0
Stealth        | |  1.7
Ice Magic      | |  3.0

Action                   |  1- 3 |  4- 6 || total
-------------------------+-------+-------++-------
Melee: Unarmed           |     7 |       ||     7
       Tailslap          |     8 |     1 ||     9
       Short sword       |    64 |       ||    64
       Staff             |     1 |     6 ||     7
       Dagger            |     1 |       ||     1
 Cast: Freeze            |    45 |    33 ||    78
  Eat: Chunk             |     1 |     1 ||     2
Armor: Skin              |    71 |    23 ||    94
Dodge: Dodged            |   105 |    28 ||   133
